cohdb
Replays
Latest Replays
All Replays
Popular Replays
Top Player Replays
Match Explorer
How It Works
Community
CoH3 Stats
Reddit
Sign in to upload your games and track your stats! →
Sign in with Steam
Match 46999355
Unlisted
Match 46999355
Overview
Messages
Build Orders
End
Panzergrenadier Squad
Panzergrenadier Squad
250 Light Carrier
Panzergrenadier Squad
Construct Light Support Kompanie
Fire Support Elements
Vehicle Survival Package
Flakvierling Half-track
Selects Armored Support Battlegroup
Selects Veteran Gunners
Flakvierling Half-track
Selects Salvage Kits
Selects Panzer Storm
Tungsten Core Ammunition
Panzer Storm
Veteran Squad Leaders
Construct Panzerarmee Kommand
Selects Stuka Dive Bomb
Spaghettiumborn™
Valieriumborn's Daddy
That Animal Blundetto
[82AD] PaulGMax
Fsihbone
TacticalVanguard
Final_Ant
喊乌拉的德棍123
0
0
Comments
sign in to comment!
No comments posted yet!